 Seeded DCSS version 0.31-a0-868-g674d60d6f7 (webtiles) character file.

Game seed: 20231010 (custom seed)

695 BadtimePacifist the Slasher (level 8, -2/2 HPs) *EXPLORE*
             Began as a Meteoran Reaver on Oct 10, 2023.
             Was a Believer of Vehumet.
             Splashed by a jelly's acid (4 damage)
             ... on level 6 of the Dungeon on Oct 11, 2023.
             The game lasted 00:35:50 (6208 turns).

BadtimePacifist the Slasher (Meteoran Reaver)       Turns: 6208, Time: 00:35:54

Health: -2/2       AC: 10    Str: 21    XL:     8   Next: 17%
Magic:  14/14      EV:  6    Int: 16    God:    Vehumet [**....]
Gold:   331        SH: 12    Dex: 12    Spells: 13/14 levels left

rFire   . . .        I - +3 dagger
rCold   + . .        q - +1 tower shield
rNeg    . . .        N - +1 chain mail {rC+}
rPois   .            (no helmet)
rElec   .            (no cloak)
rCorr   .            (no gloves)
SInv    .            (no boots)
Will    +....        (no amulet) Stlth
                     o - +6 ring of strength
HPRegen 0.20/turn    (no ring)
MPRegen 0.14/turn

%: no passive effects
@: glowing
A: sense surroundings 1, otherworldly, glowing, explore regen
a: Renounce Religion


You were on level 6 of the Dungeon.
You worshipped Vehumet.
Vehumet was pleased with you.
You visited 2 branches of the dungeon, and saw 7 of its levels.

You collected 373 gold pieces.
You spent 42 gold pieces at shops.

Inventory:

Hand Weapons
 a - a +0 falchion
 x - a +6 club
 H - a +0 mace
 I - a +3 dagger (weapon)
 L - the +12 glaive of Prune {freeze, Prune}
   (You found it on level 5 of the Dungeon)

   Prune:     It halves damage taken while paralysed, petrified or unconscious.
Missiles
 G - 6 boomerangs
Armour
 b - a +0 leather armour
 q - a +1 tower shield (worn)
 J - a +0 chain mail
 M - a +0 pair of boots
 N - a +1 chain mail of cold resistance (worn)
Jewellery
 o - a +6 ring of strength (left hand)
 r - a ring of resist corrosion
Talismans
 u - a dragon-blood talisman
Wands
 l - a wand of paralysis (13)
 m - a wand of acid (14)
 w - a wand of roots (10)
 y - a wand of flame (40)
Scrolls
 c - 3 scrolls of enchant armour
 d - 4 scrolls of teleportation
 h - a scroll of poison {unknown}
 k - a scroll of acquirement {unknown}
 t - a scroll of revelation {unknown}
 A - a scroll of immolation {unknown}
 D - 2 scrolls of blinking
 E - a scroll of vulnerability {unknown}
 K - a scroll of fog {unknown}
 O - a scroll of amnesia {unknown}
Potions
 e - 4 potions of curing
 f - 2 potions of attraction
 g - a potion of cancellation {unknown}
 i - a potion of brilliance
 j - 2 potions of magic
 n - 2 potions of haste
 p - a potion of heal wounds {unknown}
 s - a potion of mutation {unknown}
 v - a potion of invisibility {unknown}
 B - a potion of berserk rage {unknown}
 C - a potion of enlightenment {unknown}
 F - a potion of might {unknown}


   Skills:
 * Level 3.3 Fighting
 * Level 2.6(4.0) Short Blades
 + Level 5.0(5.4) Long Blades
 + Level 2.8 Armour
 * Level 3.3 Dodging
 * Level 1.4 Stealth
 * Level 1.5 Shields
 * Level 2.2 Unarmed Combat
 * Level 3.9 Spellcasting
 * Level 4.3 Conjurations
 * Level 2.3 Necromancy
 * Level 0.9 Evocations


You had 13 spell levels left.
You knew the following spells:

 Your Spells              Type           Power      Damage    Failure   Level
a - Kiss of Death         Conj/Necr      52%        2d9       95%         1

Your spell library contained the following spells:

 Spells                   Type           Power      Damage    Failure   Level
 Shock                    Conj/Air       40%        1d5       99%         1
 Necrotise                Necr           40%        1d6       98%         1
 Apportation              Tloc           6%         N/A       100%        1
 Sandblast                Erth           6%         2d5       100%        1
 Summon Small Mammal      Summ           12%        N/A       100%        1
 Momentum Strike          Conj/Tloc      20%        3d8       100%        2
 Static Discharge         Conj/Air       20%        2-3/arc   100%        2
 Hailstorm                Conj/Ice       10%        3d5       100%        3
 Airstrike                Air            1%         2d(1-17)  100%        4
 Summon Lightning Spire   Summ/Air       3%         N/A       100%        4


Dungeon Overview and Level Annotations

Branches:
Dungeon (6/15) Zot: 103    Temple (1/1) D:4 Zot: 593

Altars:
Cheibriados
Elyvilon
Hepliaklqana
Kikubaaqudgha
Nemelex Xobeh
Qazlal
Ru
Sif Muna
Trog
Uskayaw
Vehumet
Xom
Yredelemnul
Zin
The Shining One

Shops:
D:2 !


Innate Abilities, Weirdness & Mutations

You passively map a small area around you.
You are easily found by Zot.
You glow in the dark.
You regain HP and MP as you explore.


Message History

A jelly is nearby!
A jelly is nearby!
A jelly is nearby!
A jelly is nearby!
A jelly is nearby!
A jelly is nearby!
A jelly is nearby!
A jelly is nearby!
A jelly is nearby!
A jelly is nearby!
The jelly closely misses you. You block the jelly's attack.
The jelly attacks as it pursues you! The jelly hits you but does no damage.
Found 17 gold pieces.
As you read the scroll of identify, it crumbles to dust.
f - 2 potions of attraction The jelly barely misses you.
As you read the scroll of identify, it crumbles to dust.
n - 2 potions of haste The jelly barely misses you.
As you read the scroll of identify, it crumbles to dust.
j - 2 potions of magic The jelly barely misses you.
As you read the scroll of identify, it crumbles to dust.
D - 2 scrolls of blinking You block the jelly's attack.
You barely miss the jelly. You block the jelly's attack.
You hit the jelly.
Your hands burn!
Ouch! That really hurt!
Thought so.
The jelly is lightly wounded.
You block the jelly's attack.
You hit the jelly.
Your hands burn!
Ouch! That really hurt!
Thought so.
The jelly is lightly wounded.
The jelly hits you but does no damage. You block the jelly's attack.
You hit the jelly.
Your hands burn!
Ouch! That really hurt!
You die...

#.#.....#
###
#.#.....#
###
#.#.....#
#..
#.#.....#
#..
#.......#
#..
#......##
####
#.$....#
#...
#J##.###
#... #@#
.# #...
#.# #
#... #.#
* #...
#.#* * *
#### #.#
, * #.# *
* #.# #$#
* ,


You could see a jelly.

Vanquished Creatures
  Sigmund (D:2)
  A water moccasin (D:6)
  An ice beast (D:3)
  2 orc warriors
  A sky beast (D:6)
  A black bear (D:5)
  A scorpion (D:4)
  4 wights (D:6)
  A jelly (D:4)
  4 hounds
  4 orc priests
  2 gnoll boudas
  Ijyb (D:5)
  4 iguanas
  5 orc wizards
  12 gnolls
  5 adders
  2 white imps
  An ufetubus (D:5)
  A worm (D:4)
  2 dart slugs
  35 orcs
  A ball python (D:1)
  7 endoplasms
  3 giant cockroaches
  5 goblins
  5 hobgoblins
  4 quokkas
  4 bats
  2 frilled lizards (D:1)
  7 kobolds
  6 rats
135 creatures vanquished.

Vanquished Creatures (others)
  An orc wizard (D:4)
1 creature vanquished.

Grand Total: 136 creatures vanquished

Notes
Turn   | Place    | Note
-------+----------+-------------------------------------------
     0 | D:1      | BadtimePacifist the Meteoran Reaver began the quest for the
                  | Orb.
     0 | D:1      | Reached XP level 1. HP: 17/17 MP: 5/5
     0 | D:1      | Entered explore mode.
   127 | D:1      | Reached XP level 2. HP: 16/24 MP: 6/6
   137 | D:1      | HP: 1/24 [frozen (4)]
   137 | D:1      | Slain by a rat (1 damage)
   168 | D:1      | Reached skill level 4 in Long Blades
   275 | D:1      | Reached XP level 3. HP: 28/29 MP: 8/8
   485 | D:1      | Glimpsed the power of Zot.
   534 | D:1      | Glimpsed the power of Zot.
   574 | D:1      | Glimpsed the power of Zot.
   584 | D:1      | Touched by the power of Zot (MHP 30 -> 22)
   684 | D:1      | Glimpsed the power of Zot.
   734 | D:1      | Glimpsed the power of Zot.
   786 | D:2      | Found Vainezin's Distillery.
   830 | D:2      | Bought a potion of curing for 42 gold pieces
   918 | D:2      | Reached skill level 1 in Armour
   960 | D:2      | Noticed Sigmund
   966 | D:2      | Reached XP level 4. HP: 6/28 MP: 9/9
   968 | D:2      | Slain by Sigmund
                  | ... wielding a +0 scythe
                  | (11 damage)
   977 | D:2      | Killed Sigmund
   978 | D:2      | Reached skill level 1 in Short Blades
   978 | D:2      | Reached skill level 1 in Unarmed Combat
   978 | D:2      | Reached skill level 1 in Necromancy
   978 | D:2      | Reached XP level 5. HP: 4/34 MP: 10/10
   978 | D:2      | Reached XP level 6. HP: 5/41 MP: 11/11
  1281 | D:2      | Glimpsed the power of Zot.
  1331 | D:2      | Glimpsed the power of Zot.
  1371 | D:2      | Glimpsed the power of Zot.
  1380 | D:2      | Touched by the power of Zot (MHP 41 -> 32)
  1480 | D:2      | Glimpsed the power of Zot.
  1530 | D:2      | Glimpsed the power of Zot.
  1570 | D:2      | Glimpsed the power of Zot.
  1580 | D:2      | Touched by the power of Zot (MHP 31 -> 23)
  1862 | D:3      | Found a basalt altar of Yredelemnul.
  1873 | D:3      | Found a snail-covered altar of Cheibriados.
  1954 | D:3      | Found a bloodstained altar of Trog.
  2040 | D:3      | Found a stormy altar of Qazlal.
  2097 | D:3      | Noticed an ice beast
  2101 | D:3      | Mangled by an ice beast (12 damage)
  2111 | D:3      | Slain by an ice beast (10 damage)
  2114 | D:3      | Slain by an ice beast (8 damage)
  2115 | D:3      | Killed an ice beast
  2116 | D:3      | Reached skill level 1 in Stealth
  2116 | D:3      | Reached XP level 7. HP: 28/28 MP: 13/13
  2276 | D:3      | Glimpsed the power of Zot.
  2278 | D:3      | Found a shimmering blue altar of Sif Muna.
  2285 | D:3      | Got a glistering book
  2287 | D:3      | Upgraded the game from 0.31-a0-865-g3d5d91748a to
                  | 0.31-a0-868-g674d60d6f7
  2326 | D:3      | Glimpsed the power of Zot.
  2366 | D:3      | Glimpsed the power of Zot.
  2376 | D:3      | Touched by the power of Zot (MHP 28 -> 21)
  2419 | D:3      | Found a sacrificial altar of Ru.
  2477 | D:3      | Found a hide-covered altar of Uskayaw.
  2477 | D:3      | Glimpsed the power of Zot.
  2487 | D:3      | Found an ancient bone altar of Kikubaaqudgha.
  2527 | D:3      | Glimpsed the power of Zot.
  2552 | D:4      | Slain by a hound (5 damage)
  2600 | D:4      | Found a sparkling altar of Nemelex Xobeh.
  2617 | D:4      | Slain by an iguana (5 damage)
  2713 | D:4      | HP: 1/22 [poisoned by a scorpion]
  2714 | D:4      | Succumbed to a scorpion's poison
  2720 | D:4      | Slain by a scorpion (5 damage)
  2728 | D:4      | Succumbed to a scorpion's poison
  2735 | D:4      | Succumbed to a scorpion's poison
  2803 | D:4      | Found a hazy altar of Hepliaklqana.
  2823 | D:4      | Became a worshipper of Hepliaklqana the Forgotten
  2834 | D:4      | Killed from afar by an orc wizard (3 damage)
                  | ... with a magic dart
  2837 | D:4      | HP: 1/22 [something/puff of flame (9)]
  2838 | D:4      | Succumbed to an orc wizard's poison
  2840 | D:4      | Succumbed to an orc wizard's poison
  2841 | D:4      | Reached skill level 5 in Long Blades
  2842 | D:4      | HP: 1/22 [orc priest/divine providence (10)]
  2843 | D:4      | Succumbed to an orc wizard's poison
  2847 | D:4      | Succumbed to an orc wizard's poison
  2853 | D:4      | HP: 1/22 [something (1)]
  2854 | D:4      | Slain by an orc wizard
                  | ... wielding a +0 dagger
                  | (1 damage)
  2858 | D:4      | HP: 1/22 [something/magic dart (6)]
  2859 | D:4      | Slain by an orc wizard
                  | ... wielding a +0 dagger
                  | (3 damage)
  2863 | D:4      | Slain by an orc priest
                  | ... wielding a +0 short sword
                  | (3 damage)
  2867 | D:4      | Slain by an orc wizard
                  | ... wielding a +0 dagger
                  | (3 damage)
  2872 | D:4      | Killed by divine providence
                  | ... invoked by an orc priest
                  | (14 damage)
  2877 | D:4      | Slain by an orc priest
                  | ... wielding a +0 short sword
                  | (3 damage)
  2880 | D:4      | Killed by nerve-wracking pain
                  | ... invoked by an orc priest
                  | (4 damage)
  2883 | D:4      | Slain by an orc priest
                  | ... wielding a +0 short sword
                  | (5 damage)
  2887 | D:4      | Killed by nerve-wracking pain
                  | ... invoked by an orc priest
                  | (8 damage)
  2889 | D:4      | Slain by a gnoll
                  | ... wielding a +0 halberd
                  | (10 damage)
  2897 | D:4      | Killed by divine providence
                  | ... invoked by an orc priest
                  | (12 damage)
  2903 | D:4      | Slain by a gnoll
                  | ... wielding a +0 halberd
                  | (16 damage)
  2908 | D:4      | Slain by a gnoll
                  | ... wielding a +0 halberd
                  | (8 damage)
  2914 | D:4      | Reached skill level 1 in Shields
  2919 | D:4      | HP: 1/22 [gnoll/+0 halberd (6)]
  2920 | D:4      | Slain by a gnoll
                  | ... wielding a +0 halberd
                  | (1 damage)
  3006 | D:4      | Found a shimmering altar of Xom.
  3018 | D:4      | Glimpsed the power of Zot.
  3019 | D:4      | Reached XP level 8. HP: 7/28 MP: 14/14
  3020 | D:4      | Splashed by a jelly's acid (9 damage)
  3022 | D:4      | Slain by a goblin
                  | ... wielding a +0 club
                  | (5 damage)
  3026 | D:4      | HP: 1/28 [acid (2)]
  3026 | D:4      | Slain by a jelly (2 damage)
  3039 | D:4      | Slain by a goblin
                  | ... wielding a +0 club
                  | (5 damage)
  3055 | D:4      | Glimpsed the power of Zot.
  3094 | D:4      | Glimpsed the power of Zot.
  3104 | D:4      | Touched by the power of Zot (MHP 28 -> 21)
  3200 | D:4      | Glimpsed the power of Zot.
  3250 | D:4      | Glimpsed the power of Zot.
  3290 | D:4      | Glimpsed the power of Zot.
  3300 | D:4      | Touched by the power of Zot (MHP 20 -> 14)
  3401 | D:4      | Glimpsed the power of Zot.
  3402 | D:4      | Found a staircase to the Ecumenical Temple.
  3412 | Temple   | Entered the Ecumenical Temple
  3415 | Temple   | Fell from the grace of Hepliaklqana
  3415 | Temple   | Became a worshipper of Vehumet
  3457 | D:4      | Glimpsed the power of Zot.
  3497 | D:4      | Glimpsed the power of Zot.
  3507 | D:4      | Touched by the power of Zot (MHP 14 -> 9)
  3511 | D:5      | Entered Level 5 of the Dungeon
  3516 | D:5      | Slain by an orc
                  | ... wielding a +0 mace
                  | (5 damage)
  3518 | D:5      | Slain by an orc
                  | ... wielding a +0 mace
                  | (6 damage)
  3605 | D:5      | Found a glowing golden altar of the Shining One.
  3607 | D:5      | Found a white marble altar of Elyvilon.
  3609 | D:5      | Found a glowing silver altar of Zin.
  3642 | D:5      | Noticed Ijyb
  3643 | D:5      | Constricted to death by Ijyb (8 damage)
  3647 | D:5      | Slain by Ijyb
                  | ... wielding a +6 club
                  | (6 damage)
  3648 | D:5      | Slain by Ijyb
                  | ... wielding a +6 club
                  | (7 damage)
  3654 | D:5      | Constricted to death by Ijyb (7 damage)
  3655 | D:5      | Constricted to death by Ijyb (5 damage)
  3655 | D:5      | Slain by Ijyb
                  | ... wielding a +6 club
                  | (7 damage)
  3658 | D:5      | Slain by Ijyb
                  | ... wielding a +6 club
                  | (8 damage)
  3658 | D:5      | Slain by Ijyb
                  | ... wielding a +6 club
                  | (10 damage)
  3659 | D:5      | Slain by Ijyb
                  | ... wielding a +6 club
                  | (9 damage)
  3661 | D:5      | Constricted to death by Ijyb (5 damage)
  3663 | D:5      | Constricted to death by Ijyb (7 damage)
  3664 | D:5      | Constricted to death by Ijyb (5 damage)
  3665 | D:5      | Slain by Ijyb
                  | ... wielding a +6 club
                  | (7 damage)
  3666 | D:5      | Constricted to death by Ijyb (4 damage)
  3668 | D:5      | Slain by Ijyb
                  | ... wielding a +6 club
                  | (6 damage)
  3669 | D:5      | Slain by Ijyb
                  | ... wielding a +6 club
                  | (7 damage)
  3670 | D:5      | Constricted to death by Ijyb (5 damage)
  3671 | D:5      | Slain by Ijyb
                  | ... wielding a +6 club
                  | (12 damage)
  3672 | D:5      | Constricted to death by Ijyb (7 damage)
  3674 | D:5      | Constricted to death by Ijyb (4 damage)
  3675 | D:5      | Constricted to death by Ijyb (4 damage)
  3676 | D:5      | Constricted to death by Ijyb (5 damage)
  3677 | D:5      | Constricted to death by Ijyb (7 damage)
  3678 | D:5      | Constricted to death by Ijyb (3 damage)
  3679 | D:5      | Constricted to death by Ijyb (4 damage)
  3680 | D:5      | Killed Ijyb
  3812 | D:5      | Killed from afar by an orc wizard (10 damage)
                  | ... with a puff of flame
  3825 | D:5      | Slain by an orc wizard
                  | ... wielding a +0 dagger
                  | (3 damage)
  3830 | D:5      | Killed by divine providence
                  | ... invoked by an orc priest
                  | (13 damage)
  3840 | D:5      | Killed by divine providence
                  | ... invoked by an orc priest
                  | (12 damage)
  3840 | D:5      | Slain by an orc priest
                  | ... wielding a +0 hand axe
                  | (5 damage)
  3849 | D:5      | Slain by an orc
                  | ... wielding a +0 short sword
                  | (2 damage)
  3851 | D:5      | Slain by an orc
                  | ... wielding a +0 short sword
                  | (4 damage)
  3979 | D:5      | Slain by a hound (2 damage)
  4107 | D:5      | Slain by a quokka (4 damage)
  4163 | D:5      | Slain by a black bear (3 damage)
  4165 | D:5      | Slain by a black bear (6 damage)
  4167 | D:5      | Glimpsed the power of Zot.
  4167 | D:5      | Slain by a black bear (7 damage)
  4168 | D:5      | Slain by a black bear (4 damage)
  4171 | D:5      | Slain by a black bear (6 damage)
  4171 | D:5      | Slain by a black bear (5 damage)
  4180 | D:5      | Succumbed to an adder's poison
  4190 | D:5      | Found a runed translucent door.
  4209 | D:5      | Glimpsed the power of Zot.
  4217 | D:5      | Slain by an orc
                  | ... wielding a +0 flail
                  | (6 damage)
  4225 | D:5      | Slain by an orc
                  | ... wielding a +0 flail
                  | (4 damage)
  4237 | D:5      | Slain by an orc
                  | ... wielding a +0 mace
                  | (5 damage)
  4238 | D:5      | Glimpsed the power of Zot.
  4242 | D:5      | Mangled by an orc
                  | ... wielding a +0 flail
                  | (8 damage)
  4246 | D:5      | Touched by the power of Zot (MHP 7 -> 3)
  4248 | D:5      | Slain by an orc
                  | ... wielding a +0 flail
                  | (5 damage)
  4261 | D:5      | Slain by an orc
                  | ... wielding a +0 halberd
                  | (8 damage)
  4265 | D:5      | Slain by an orc wizard
                  | ... wielding a +0 spear
                  | (6 damage)
  4267 | D:5      | Slain by an orc
                  | ... wielding a +0 mace
                  | (6 damage)
  4268 | D:5      | Slain by an orc wizard
                  | ... wielding a +0 spear
                  | (2 damage)
  4269 | D:5      | Slain by an orc
                  | ... wielding a +0 mace
                  | (5 damage)
  4271 | D:5      | Slain by an orc
                  | ... wielding a +0 mace
                  | (5 damage)
  4271 | D:5      | Slain by an orc warrior
                  | ... wielding a +0 trident
                  | (3 damage)
  4273 | D:5      | Mangled by an orc warrior
                  | ... wielding a +0 trident
                  | (8 damage)
  4273 | D:5      | Mangled by an orc warrior
                  | ... wielding a +0 trident
                  | (15 damage)
  4274 | D:5      | Killed by divine providence
                  | ... invoked by an orc priest
                  | (12 damage)
  4277 | D:5      | Slain by an orc wizard
                  | ... wielding a +0 spear
                  | (3 damage)
  4277 | D:5      | Killed by nerve-wracking pain
                  | ... invoked by an orc priest
                  | (9 damage)
  4277 | D:5      | Slain by an orc wizard
                  | ... wielding a +0 spear
                  | (5 damage)
  4279 | D:5      | Slain by an orc wizard
                  | ... wielding a +0 spear
                  | (6 damage)
  4279 | D:5      | Mangled by an orc warrior
                  | ... wielding a +0 trident
                  | (14 damage)
  4280 | D:5      | Slain by an orc wizard
                  | ... wielding a +0 spear
                  | (3 damage)
  4280 | D:5      | Slain by an orc warrior
                  | ... wielding a +0 trident
                  | (5 damage)
  4280 | D:5      | Slain by an orc priest
                  | ... wielding a +0 hand axe
                  | (4 damage)
  4281 | D:5      | Slain by an orc wizard
                  | ... wielding a +0 spear
                  | (3 damage)
  4283 | D:5      | Slain by an orc wizard
                  | ... wielding a +0 spear
                  | (4 damage)
  4283 | D:5      | Slain by an orc priest
                  | ... wielding a +0 hand axe
                  | (3 damage)
  4284 | D:5      | Slain by an orc wizard
                  | ... wielding a +0 spear
                  | (5 damage)
  4284 | D:5      | Slain by an orc priest
                  | ... wielding a +0 hand axe
                  | (6 damage)
  4284 | D:5      | Slain by an orc warrior
                  | ... wielding a +0 trident
                  | (5 damage)
  4285 | D:5      | Slain by an orc wizard
                  | ... wielding a +0 spear
                  | (3 damage)
  4285 | D:5      | Slain by an orc warrior
                  | ... wielding a +0 trident
                  | (8 damage)
  4287 | D:5      | Mangled by an orc warrior
                  | ... wielding a +0 trident
                  | (10 damage)
  4288 | D:5      | Slain by an orc wizard
                  | ... wielding a +0 spear
                  | (4 damage)
  4288 | D:5      | Slain by an orc priest
                  | ... wielding a +0 hand axe
                  | (8 damage)
  4289 | D:5      | Slain by an orc warrior
                  | ... wielding a +0 trident
                  | (5 damage)
  4289 | D:5      | Slain by an orc wizard
                  | ... wielding a +0 spear
                  | (5 damage)
  4290 | D:5      | Slain by an orc wizard
                  | ... wielding a +0 spear
                  | (4 damage)
  4292 | D:5      | Slain by an orc warrior
                  | ... wielding a +0 trident
                  | (5 damage)
  4293 | D:5      | Slain by an orc warrior
                  | ... wielding a +0 trident
                  | (6 damage)
  4294 | D:5      | Mangled by an orc warrior
                  | ... wielding a +0 trident
                  | (14 damage)
  4295 | D:5      | Slain by an orc priest
                  | ... wielding a +0 hand axe
                  | (5 damage)
  4296 | D:5      | Slain by an orc wizard
                  | ... wielding a +0 spear
                  | (5 damage)
  4296 | D:5      | Slain by an orc priest
                  | ... wielding a +0 hand axe
                  | (3 damage)
  4296 | D:5      | Mangled by an orc warrior
                  | ... wielding a +0 trident
                  | (15 damage)
  4297 | D:5      | Slain by an orc wizard
                  | ... wielding a +0 spear
                  | (3 damage)
  4297 | D:5      | Killed by divine providence
                  | ... invoked by an orc priest
                  | (13 damage)
  4297 | D:5      | Slain by an orc wizard
                  | ... wielding a +0 spear
                  | (3 damage)
  4298 | D:5      | Slain by an orc warrior
                  | ... wielding a +0 trident
                  | (2 damage)
  4299 | D:5      | Slain by an orc priest
                  | ... wielding a +0 hand axe
                  | (5 damage)
  4299 | D:5      | Slain by an orc wizard
                  | ... wielding a +0 spear
                  | (5 damage)
  4299 | D:5      | Mangled by an orc warrior
                  | ... wielding a +0 trident
                  | (9 damage)
  4300 | D:5      | Slain by an orc priest
                  | ... wielding a +0 hand axe
                  | (3 damage)
  4301 | D:5      | Slain by an orc warrior
                  | ... wielding a +0 trident
                  | (3 damage)
  4302 | D:5      | Mangled by an orc warrior
                  | ... wielding a +0 trident
                  | (11 damage)
  4304 | D:5      | Slain by an orc wizard
                  | ... wielding a +0 spear
                  | (5 damage)
  4305 | D:5      | Slain by an orc wizard
                  | ... wielding a +0 spear
                  | (3 damage)
  4305 | D:5      | Slain by an orc priest
                  | ... wielding a +0 hand axe
                  | (4 damage)
  4305 | D:5      | Slain by an orc warrior
                  | ... wielding a +0 trident
                  | (4 damage)
  4305 | D:5      | Killed by divine providence
                  | ... invoked by an orc priest
                  | (12 damage)
  4306 | D:5      | Mangled by an orc warrior
                  | ... wielding a +0 trident
                  | (13 damage)
  4307 | D:5      | Slain by an orc wizard
                  | ... wielding a +0 spear
                  | (3 damage)
  4307 | D:5      | Mangled by an orc warrior
                  | ... wielding a +0 trident
                  | (11 damage)
  4308 | D:5      | Slain by an orc wizard
                  | ... wielding a +0 spear
                  | (4 damage)
  4309 | D:5      | Mangled by an orc warrior
                  | ... wielding a +0 trident
                  | (13 damage)
  4309 | D:5      | Slain by an orc wizard
                  | ... wielding a +0 spear
                  | (5 damage)
  4309 | D:5      | Mangled by an orc warrior
                  | ... wielding a +0 trident
                  | (10 damage)
  4309 | D:5      | Killed by divine providence
                  | ... invoked by an orc priest
                  | (14 damage)
  4311 | D:5      | Slain by an orc wizard
                  | ... wielding a +0 spear
                  | (3 damage)
  4311 | D:5      | Slain by an orc priest
                  | ... wielding a +0 hand axe
                  | (5 damage)
  4311 | D:5      | Slain by an orc wizard
                  | ... wielding a +0 spear
                  | (4 damage)
  4312 | D:5      | Slain by an orc wizard
                  | ... wielding a +0 spear
                  | (3 damage)
  4312 | D:5      | Demolished by an orc warrior
                  | ... wielding a +0 trident
                  | (17 damage)
  4314 | D:5      | Mangled by an orc warrior
                  | ... wielding a +0 trident
                  | (11 damage)
  4314 | D:5      | Demolished by an orc warrior
                  | ... wielding a +0 trident
                  | (17 damage)
  4314 | D:5      | Slain by an orc priest
                  | ... wielding a +0 hand axe
                  | (7 damage)
  4315 | D:5      | Killed by divine providence
                  | ... invoked by an orc priest
                  | (11 damage)
  4316 | D:5      | Slain by an orc wizard
                  | ... wielding a +0 spear
                  | (6 damage)
  4316 | D:5      | Mangled by an orc warrior
                  | ... wielding a +0 trident
                  | (8 damage)
  4317 | D:5      | Slain by an orc wizard
                  | ... wielding a +0 spear
                  | (5 damage)
  4317 | D:5      | Killed by divine providence
                  | ... invoked by an orc priest
                  | (10 damage)
  4319 | D:5      | Slain by an orc priest
                  | ... wielding a +0 hand axe
                  | (4 damage)
  4322 | D:5      | Slain by an orc wizard
                  | ... wielding a +0 spear
                  | (3 damage)
  4322 | D:5      | Killed by divine providence
                  | ... invoked by an orc priest
                  | (12 damage)
  4322 | D:5      | Slain by an orc warrior
                  | ... wielding a +0 trident
                  | (4 damage)
  4323 | D:5      | Slain by an orc warrior
                  | ... wielding a +0 trident
                  | (4 damage)
  4323 | D:5      | Slain by an orc priest
                  | ... wielding a +0 hand axe
                  | (3 damage)
  4324 | D:5      | Glimpsed the power of Zot.
  4326 | D:5      | Mangled by an orc warrior
                  | ... wielding a +0 trident
                  | (12 damage)
  4329 | D:5      | Mangled by an orc warrior
                  | ... wielding a +0 trident
                  | (7 damage)
  4329 | D:5      | Slain by an orc wizard
                  | ... wielding a +0 spear
                  | (5 damage)
  4330 | D:5      | Mangled by an orc warrior
                  | ... wielding a +0 trident
                  | (9 damage)
  4332 | D:5      | Slain by an orc warrior
                  | ... wielding a +0 trident
                  | (4 damage)
  4340 | D:5      | Mangled by an orc warrior
                  | ... wielding a +0 trident
                  | (8 damage)
  4340 | D:5      | Killed by divine providence
                  | ... invoked by an orc priest
                  | (12 damage)
  4341 | D:5      | Slain by an orc warrior
                  | ... wielding a +0 trident
                  | (7 damage)
  4341 | D:5      | Mangled by an orc warrior
                  | ... wielding a +0 trident
                  | (11 damage)
  4342 | D:5      | Reached * piety under Vehumet
  4342 | D:5      | Offered knowledge of Foxfire by Vehumet.
  4344 | D:5      | Slain by an orc wizard
                  | ... wielding a +0 dagger
                  | (3 damage)
  4345 | D:5      | Slain by an orc wizard
                  | ... wielding a +0 dagger
                  | (3 damage)
  4346 | D:5      | Killed by divine providence
                  | ... invoked by an orc priest
                  | (10 damage)
  4346 | D:5      | Slain by an orc wizard
                  | ... wielding a +0 dagger
                  | (3 damage)
  4347 | D:5      | Killed by divine providence
                  | ... invoked by an orc priest
                  | (10 damage)
  4348 | D:5      | Slain by an orc wizard
                  | ... wielding a +0 dagger
                  | (3 damage)
  4355 | D:5      | Slain by an orc wizard
                  | ... wielding a +0 dagger
                  | (2 damage)
  4356 | D:5      | Killed from afar by an orc wizard (8 damage)
                  | ... with a magic dart
  4360 | D:5      | Slain by an orc wizard
                  | ... wielding a +0 spear
                  | (2 damage)
  4361 | D:5      | Slain by an orc priest
                  | ... wielding a +0 hand axe
                  | (4 damage)
  4362 | D:5      | Killed from afar by an orc wizard (4 damage)
                  | ... with a magic dart
  4363 | D:5      | Glimpsed the power of Zot.
  4364 | D:5      | Killed from afar by an orc wizard (4 damage)
                  | ... with a puff of flame
  4366 | D:5      | Killed from afar by an orc wizard (6 damage)
                  | ... with a magic dart
  4367 | D:5      | Slain by an orc wizard
                  | ... wielding a +0 spear
                  | (3 damage)
  4368 | D:5      | Slain by an orc wizard
                  | ... wielding a +0 spear
                  | (3 damage)
  4368 | D:5      | Slain by an orc wizard
                  | ... wielding a +0 spear
                  | (2 damage)
  4368 | D:5      | Killed from afar by an orc wizard (4 damage)
                  | ... with a magic dart
  4372 | D:5      | Slain by an orc wizard
                  | ... wielding a +0 dagger
                  | (2 damage)
  4374 | D:5      | Killed from afar by an orc wizard (4 damage)
                  | ... with a puff of flame
  4374 | D:5      | Slain by an orc
                  | ... wielding a +1 whip of freezing
                  | (4 damage)
  4375 | D:5      | Slain by an orc wizard
                  | ... wielding a +0 dagger
                  | (2 damage)
  4376 | D:5      | Killed from afar by an orc wizard (4 damage)
                  | ... with a magic dart
  4376 | D:5      | Slain by an orc
                  | ... wielding a +1 whip of freezing
                  | (7 damage)
  4376 | D:5      | Slain by an orc
                  | ... wielding a +1 whip of freezing
                  | (3 damage)
  4377 | D:5      | Killed from afar by an orc wizard (3 damage)
                  | ... with a magic dart
  4378 | D:5      | Slain by an orc
                  | ... wielding a +0 flail
                  | (3 damage)
  4379 | D:5      | Slain by an orc wizard
                  | ... wielding a +0 spear
                  | (2 damage)
  4379 | D:5      | Slain by an orc
                  | ... wielding a +1 whip of freezing
                  | (4 damage)
  4379 | D:5      | Slain by an orc
                  | ... wielding a +0 flail
                  | (3 damage)
  4381 | D:5      | Slain by an orc wizard
                  | ... wielding a +0 dagger
                  | (4 damage)
  4382 | D:5      | Slain by an orc wizard
                  | ... wielding a +0 dagger
                  | (3 damage)
  4382 | D:5      | Killed from afar by an orc wizard (6 damage)
                  | ... with a magic dart
  4383 | D:5      | Slain by an orc
                  | ... wielding a +0 flail
                  | (1 damage)
  4384 | D:5      | Slain by an orc
                  | ... wielding a +0 flail
                  | (4 damage)
  4385 | D:5      | Slain by an orc wizard
                  | ... wielding a +0 spear
                  | (6 damage)
  4385 | D:5      | Slain by an orc
                  | ... wielding a +0 dagger
                  | (3 damage)
  4385 | D:5      | Slain by an orc
                  | ... wielding a +0 short sword
                  | (4 damage)
  4385 | D:5      | Slain by an orc wizard
                  | ... wielding a +0 spear
                  | (5 damage)
  4385 | D:5      | Slain by an orc
                  | ... wielding a +0 short sword
                  | (3 damage)
  4386 | D:5      | Slain by an orc
                  | ... wielding a +0 short sword
                  | (4 damage)
  4386 | D:5      | Slain by an orc wizard
                  | ... wielding a +0 spear
                  | (3 damage)
  4386 | D:5      | Killed from afar by an orc wizard (8 damage)
                  | ... with a magic dart
  4387 | D:5      | Slain by an orc wizard
                  | ... wielding a +0 spear
                  | (4 damage)
  4388 | D:5      | Slain by an orc
                  | ... wielding a +0 short sword
                  | (5 damage)
  4388 | D:5      | Slain by an orc wizard
                  | ... wielding a +0 spear
                  | (3 damage)
  4388 | D:5      | Slain by an orc
                  | ... wielding a +1 whip of freezing
                  | (3 damage)
  4388 | D:5      | Slain by an orc
                  | ... wielding a +0 short sword
                  | (4 damage)
  4388 | D:5      | Slain by an orc
                  | ... wielding a +0 flail
                  | (4 damage)
  4388 | D:5      | Slain by an orc
                  | ... wielding a +0 dagger
                  | (3 damage)
  4389 | D:5      | Slain by an orc
                  | ... wielding a +1 whip of freezing
                  | (6 damage)
  4389 | D:5      | Slain by an orc
                  | ... wielding a +1 whip of freezing
                  | (3 damage)
  4389 | D:5      | Slain by an orc
                  | ... wielding a +0 flail
                  | (3 damage)
  4390 | D:5      | Slain by an orc wizard
                  | ... wielding a +0 spear
                  | (1 damage)
  4390 | D:5      | Killed from afar by an orc wizard (9 damage)
                  | ... with a magic dart
  4391 | D:5      | Slain by an orc
                  | ... wielding a +0 dagger
                  | (2 damage)
  4391 | D:5      | Slain by an orc
                  | ... wielding a +1 whip of freezing
                  | (1 damage)
  4391 | D:5      | Slain by an orc
                  | ... wielding a +0 flail
                  | (6 damage)
  4391 | D:5      | Slain by an orc wizard
                  | ... wielding a +0 spear
                  | (3 damage)
  4391 | D:5      | Slain by an orc wizard
                  | ... wielding a +0 dagger
                  | (3 damage)
  4392 | D:5      | Slain by an orc wizard
                  | ... wielding a +0 spear
                  | (6 damage)
  4393 | D:5      | Slain by an orc
                  | ... wielding a +0 short sword
                  | (4 damage)
  4393 | D:5      | Slain by an orc
                  | ... wielding a +0 dagger
                  | (2 damage)
  4393 | D:5      | Slain by an orc
                  | ... wielding a +1 whip of freezing
                  | (2 damage)
  4393 | D:5      | Slain by an orc
                  | ... wielding a +0 short sword
                  | (4 damage)
  4393 | D:5      | Slain by an orc
                  | ... wielding a +0 dagger
                  | (4 damage)
  4394 | D:5      | Glimpsed the power of Zot.
  4394 | D:5      | Slain by an orc
                  | ... wielding a +0 short sword
                  | (4 damage)
  4394 | D:5      | Slain by an orc
                  | ... wielding a +1 whip of freezing
                  | (3 damage)
  4394 | D:5      | Slain by an orc wizard
                  | ... wielding a +0 spear
                  | (2 damage)
  4394 | D:5      | Slain by an orc
                  | ... wielding a +0 flail
                  | (4 damage)
  4394 | D:5      | Slain by an orc
                  | ... wielding a +1 whip of freezing
                  | (1 damage)
  4395 | D:5      | Slain by an orc
                  | ... wielding a +0 flail
                  | (4 damage)
  4396 | D:5      | Slain by an orc wizard
                  | ... wielding a +0 spear
                  | (4 damage)
  4397 | D:5      | Killed from afar by an orc wizard (4 damage)
                  | ... with a magic dart
  4397 | D:5      | Slain by an orc
                  | ... wielding a +1 whip of freezing
                  | (3 damage)
  4398 | D:5      | Slain by an orc wizard
                  | ... wielding a +0 spear
                  | (2 damage)
  4398 | D:5      | Slain by an orc wizard
                  | ... wielding a +0 spear
                  | (3 damage)
  4399 | D:5      | Slain by an orc wizard
                  | ... wielding a +0 spear
                  | (5 damage)
  4399 | D:5      | Slain by an orc
                  | ... wielding a +0 flail
                  | (7 damage)
  4400 | D:5      | Slain by an orc
                  | ... wielding a +0 short sword
                  | (4 damage)
  4401 | D:5      | Killed from afar by an orc wizard (8 damage)
                  | ... with a magic dart
  4401 | D:5      | Slain by an orc
                  | ... wielding a +0 flail
                  | (4 damage)
  4402 | D:5      | Touched by the power of Zot (MHP 3 -> 1)
  4402 | D:5      | Slain by an orc
                  | ... wielding a +1 whip of freezing
                  | (2 damage)
  4402 | D:5      | Slain by an orc
                  | ... wielding a +1 whip of freezing
                  | (1 damage)
  4402 | D:5      | Slain by an orc wizard
                  | ... wielding a +0 spear
                  | (2 damage)
  4403 | D:5      | Slain by an orc
                  | ... wielding a +1 whip of freezing
                  | (4 damage)
  4403 | D:5      | Slain by an orc
                  | ... wielding a +1 whip of freezing
                  | (2 damage)
  4403 | D:5      | Slain by an orc wizard
                  | ... wielding a +0 spear
                  | (2 damage)
  4404 | D:5      | Mangled by an orc
                  | ... wielding a +1 whip of freezing
                  | (7 damage)
  4404 | D:5      | Slain by an orc
                  | ... wielding a +1 whip of freezing
                  | (3 damage)
  4404 | D:5      | Slain by an orc
                  | ... wielding a +0 short sword
                  | (2 damage)
  4404 | D:5      | Slain by an orc wizard
                  | ... wielding a +0 spear
                  | (1 damage)
  4406 | D:5      | Slain by an orc
                  | ... wielding a +0 short sword
                  | (2 damage)
  4406 | D:5      | Slain by an orc
                  | ... wielding a +0 short sword
                  | (1 damage)
  4406 | D:5      | Slain by an orc wizard
                  | ... wielding a +0 spear
                  | (2 damage)
  4407 | D:5      | Slain by an orc
                  | ... wielding a +0 flail
                  | (2 damage)
  4407 | D:5      | Slain by an orc
                  | ... wielding a +0 short sword
                  | (1 damage)
  4407 | D:5      | Slain by an orc wizard
                  | ... wielding a +0 spear
                  | (3 damage)
  4408 | D:5      | Slain by an orc wizard
                  | ... wielding a +0 spear
                  | (2 damage)
  4409 | D:5      | Slain by an orc
                  | ... wielding a +0 short sword
                  | (3 damage)
  4409 | D:5      | Slain by an orc
                  | ... wielding a +1 whip of freezing
                  | (1 damage)
  4409 | D:5      | Slain by an orc
                  | ... wielding a +1 whip of freezing
                  | (1 damage)
  4410 | D:5      | Slain by an orc wizard
                  | ... wielding a +0 spear
                  | (3 damage)
  4410 | D:5      | Slain by an orc
                  | ... wielding a +1 whip of freezing
                  | (4 damage)
  4410 | D:5      | Slain by an orc
                  | ... wielding a +1 whip of freezing
                  | (2 damage)
  4411 | D:5      | Slain by an orc
                  | ... wielding a +0 short sword
                  | (3 damage)
  4411 | D:5      | Slain by an orc wizard
                  | ... wielding a +0 spear
                  | (1 damage)
  4411 | D:5      | Slain by an orc
                  | ... wielding a +1 whip of freezing
                  | (5 damage)
  4411 | D:5      | Slain by an orc
                  | ... wielding a +1 whip of freezing
                  | (3 damage)
  4411 | D:5      | Slain by an orc wizard
                  | ... wielding a +0 spear
                  | (1 damage)
  4413 | D:5      | Slain by an orc wizard
                  | ... wielding a +0 spear
                  | (4 damage)
  4413 | D:5      | Slain by an orc
                  | ... wielding a +1 whip of freezing
                  | (2 damage)
  4413 | D:5      | Slain by an orc
                  | ... wielding a +1 whip of freezing
                  | (1 damage)
  4414 | D:5      | Slain by an orc wizard
                  | ... wielding a +0 spear
                  | (5 damage)
  4415 | D:5      | Mangled by an orc
                  | ... wielding a +0 flail
                  | (7 damage)
  4415 | D:5      | Slain by an orc
                  | ... wielding a +1 whip of freezing
                  | (3 damage)
  4415 | D:5      | Slain by an orc
                  | ... wielding a +1 whip of freezing
                  | (2 damage)
  4416 | D:5      | Slain by an orc wizard
                  | ... wielding a +0 spear
                  | (2 damage)
  4417 | D:5      | Slain by an orc wizard
                  | ... wielding a +0 spear
                  | (5 damage)
  4417 | D:5      | Slain by an orc wizard
                  | ... wielding a +0 spear
                  | (3 damage)
  4417 | D:5      | Slain by an orc
                  | ... wielding a +1 whip of freezing
                  | (6 damage)
  4417 | D:5      | Slain by an orc
                  | ... wielding a +1 whip of freezing
                  | (1 damage)
  4418 | D:5      | Slain by an orc wizard
                  | ... wielding a +0 spear
                  | (4 damage)
  4418 | D:5      | Slain by an orc
                  | ... wielding a +0 flail
                  | (1 damage)
  4419 | D:5      | Slain by an orc
                  | ... wielding a +0 short sword
                  | (2 damage)
  4419 | D:5      | Slain by an orc wizard
                  | ... wielding a +0 spear
                  | (4 damage)
  4419 | D:5      | Slain by an orc
                  | ... wielding a +1 whip of freezing
                  | (4 damage)
  4419 | D:5      | Slain by an orc
                  | ... wielding a +1 whip of freezing
                  | (1 damage)
  4420 | D:5      | Killed from afar by an orc wizard (5 damage)
                  | ... with a puff of flame
  4420 | D:5      | Slain by an orc
                  | ... wielding a +1 whip of freezing
                  | (3 damage)
  4420 | D:5      | Slain by an orc
                  | ... wielding a +1 whip of freezing
                  | (1 damage)
  4421 | D:5      | Slain by an orc wizard
                  | ... wielding a +0 spear
                  | (4 damage)
  4422 | D:5      | Slain by an orc wizard
                  | ... wielding a +0 spear
                  | (5 damage)
  4422 | D:5      | Slain by an orc
                  | ... wielding a +0 flail
                  | (3 damage)
  4423 | D:5      | Slain by an orc wizard
                  | ... wielding a +0 spear
                  | (1 damage)
  4423 | D:5      | Slain by an orc
                  | ... wielding a +0 short sword
                  | (4 damage)
  4423 | D:5      | Slain by an orc wizard
                  | ... wielding a +0 spear
                  | (1 damage)
  4424 | D:5      | Slain by an orc wizard
                  | ... wielding a +0 spear
                  | (2 damage)
  4425 | D:5      | Slain by an orc
                  | ... wielding a +0 short sword
                  | (1 damage)
  4425 | D:5      | Slain by an orc wizard
                  | ... wielding a +0 spear
                  | (5 damage)
  4426 | D:5      | Slain by an orc wizard
                  | ... wielding a +0 spear
                  | (1 damage)
  4427 | D:5      | Slain by an orc wizard
                  | ... wielding a +0 spear
                  | (5 damage)
  4428 | D:5      | Slain by an orc wizard
                  | ... wielding a +0 spear
                  | (1 damage)
  4428 | D:5      | Slain by an orc
                  | ... wielding a +1 whip of freezing
                  | (3 damage)
  4428 | D:5      | Slain by an orc
                  | ... wielding a +1 whip of freezing
                  | (1 damage)
  4429 | D:5      | Slain by an orc
                  | ... wielding a +1 whip of freezing
                  | (3 damage)
  4429 | D:5      | Slain by an orc
                  | ... wielding a +1 whip of freezing
                  | (1 damage)
  4429 | D:5      | Slain by an orc
                  | ... wielding a +0 short sword
                  | (3 damage)
  4430 | D:5      | Killed from afar by an orc wizard (3 damage)
                  | ... with a puff of flame
  4430 | D:5      | Slain by an orc
                  | ... wielding a +1 whip of freezing
                  | (2 damage)
  4430 | D:5      | Slain by an orc
                  | ... wielding a +1 whip of freezing
                  | (1 damage)
  4432 | D:5      | Slain by an orc wizard
                  | ... wielding a +0 spear
                  | (3 damage)
  4432 | D:5      | Slain by an orc
                  | ... wielding a +1 whip of freezing
                  | (3 damage)
  4432 | D:5      | Slain by an orc
                  | ... wielding a +1 whip of freezing
                  | (1 damage)
  4432 | D:5      | Slain by an orc
                  | ... wielding a +0 short sword
                  | (4 damage)
  4432 | D:5      | Slain by an orc wizard
                  | ... wielding a +0 spear
                  | (1 damage)
  4433 | D:5      | Slain by an orc
                  | ... wielding a +1 whip of freezing
                  | (4 damage)
  4433 | D:5      | Slain by an orc
                  | ... wielding a +1 whip of freezing
                  | (2 damage)
  4435 | D:5      | Slain by an orc wizard
                  | ... wielding a +0 spear
                  | (2 damage)
  4435 | D:5      | Slain by an orc wizard
                  | ... wielding a +0 spear
                  | (3 damage)
  4436 | D:5      | Slain by an orc
                  | ... wielding a +1 whip of freezing
                  | (1 damage)
  4436 | D:5      | Slain by an orc
                  | ... wielding a +1 whip of freezing
                  | (1 damage)
  4441 | D:5      | Slain by an orc wizard
                  | ... wielding a +0 spear
                  | (6 damage)
  4442 | D:5      | Slain by an orc wizard
                  | ... wielding a +0 spear
                  | (3 damage)
  4445 | D:5      | Slain by an orc wizard
                  | ... wielding a +0 spear
                  | (2 damage)
  4446 | D:5      | Slain by an orc wizard
                  | ... wielding a +0 spear
                  | (5 damage)
  4446 | D:5      | Slain by an orc wizard
                  | ... wielding a +0 spear
                  | (3 damage)
  4447 | D:5      | Slain by an orc wizard
                  | ... wielding a +0 spear
                  | (1 damage)
  4448 | D:5      | Slain by an orc wizard
                  | ... wielding a +0 spear
                  | (2 damage)
  4449 | D:5      | Slain by an orc wizard
                  | ... wielding a +0 spear
                  | (2 damage)
  4450 | D:5      | Slain by an orc wizard
                  | ... wielding a +0 spear
                  | (3 damage)
  4451 | D:5      | Slain by an orc wizard
                  | ... wielding a +0 spear
                  | (6 damage)
  4452 | D:5      | Slain by an orc wizard
                  | ... wielding a +0 spear
                  | (1 damage)
  4452 | D:5      | Killed from afar by an orc wizard (13 damage)
                  | ... with a puff of flame
  4454 | D:5      | Slain by an orc wizard
                  | ... wielding a +0 spear
                  | (4 damage)
  4455 | D:5      | Slain by an orc wizard
                  | ... wielding a +0 spear
                  | (3 damage)
  4455 | D:5      | Slain by an orc wizard
                  | ... wielding a +0 spear
                  | (4 damage)
  4456 | D:5      | Slain by an orc wizard
                  | ... wielding a +0 spear
                  | (2 damage)
  4457 | D:5      | Slain by an orc wizard
                  | ... wielding a +0 spear
                  | (3 damage)
  4458 | D:5      | Slain by an orc wizard
                  | ... wielding a +0 spear
                  | (5 damage)
  4459 | D:5      | Slain by an orc wizard
                  | ... wielding a +0 spear
                  | (2 damage)
  4460 | D:5      | Slain by an orc wizard
                  | ... wielding a +0 spear
                  | (3 damage)
  4462 | D:5      | Slain by an orc wizard
                  | ... wielding a +0 spear
                  | (1 damage)
  4463 | D:5      | Slain by an orc wizard
                  | ... wielding a +0 spear
                  | (1 damage)
  4465 | D:5      | Slain by an orc wizard
                  | ... wielding a +0 spear
                  | (3 damage)
  4466 | D:5      | Slain by an orc wizard
                  | ... wielding a +0 spear
                  | (5 damage)
  4470 | D:5      | Slain by an orc wizard
                  | ... wielding a +0 spear
                  | (6 damage)
  4484 | D:5      | Glimpsed the power of Zot.
  4505 | D:5      | Slain by an orc
                  | ... wielding a +0 short sword
                  | (1 damage)
  4508 | D:5      | Slain by an orc
                  | ... wielding a +0 war axe
                  | (3 damage)
  4530 | D:5      | Glimpsed the power of Zot.
  4535 | D:5      | Hit by a boomerang thrown by an orc (3 damage)
  4537 | D:5      | Slain by an orc
                  | ... wielding a +0 mace
                  | (4 damage)
  4542 | D:5      | Slain by an orc
                  | ... wielding a +0 mace
                  | (5 damage)
  4568 | D:5      | Glimpsed the power of Zot.
  4578 | D:5      | Touched by the power of Zot (MHP 1 -> 1)
  4679 | D:5      | Glimpsed the power of Zot.
  4691 | D:5      | Found the +12 glaive of Prune {freeze, Prune}
  4700 | D:5      | Slain by an orc
                  | ... wielding a +0 whip
                  | (5 damage)
  4702 | D:5      | Slain by an orc
                  | ... wielding a +0 whip
                  | (2 damage)
  4728 | D:5      | Glimpsed the power of Zot.
  4748 | D:5      | Slain by a gnoll
                  | ... wielding a +0 spear
                  | ... led by a gnoll bouda
                  | (1 damage)
  4750 | D:5      | Mangled by a gnoll
                  | ... wielding a +0 club
                  | ... led by a gnoll bouda
                  | (7 damage)
  4751 | D:5      | Slain by a gnoll
                  | ... wielding a +0 heavy flail
                  | ... led by a gnoll bouda
                  | (6 damage)
  4751 | D:5      | Slain by a gnoll
                  | ... wielding a +0 whip
                  | ... led by a gnoll bouda
                  | (3 damage)
  4752 | D:5      | Slain by a gnoll
                  | ... wielding a +0 spear
                  | ... led by a gnoll bouda
                  | (1 damage)
  4753 | D:5      | Slain by a gnoll
                  | ... wielding a +0 spear
                  | ... led by a gnoll bouda
                  | (1 damage)
  4753 | D:5      | Slain by a gnoll
                  | ... wielding a +0 club
                  | ... led by a gnoll bouda
                  | (6 damage)
  4753 | D:5      | Demolished by a gnoll
                  | ... wielding a +0 heavy flail
                  | ... led by a gnoll bouda
                  | (15 damage)
  4755 | D:5      | Slain by a gnoll
                  | ... wielding a +0 spear
                  | ... led by a gnoll bouda
                  | (2 damage)
  4757 | D:5      | Slain by a gnoll
                  | ... wielding a +0 spear
                  | ... led by a gnoll bouda
                  | (4 damage)
  4757 | D:5      | Slain by a gnoll bouda
                  | ... wielding a +0 whip
                  | (3 damage)
  4757 | D:5      | Slain by a gnoll
                  | ... wielding a +0 club
                  | ... led by a gnoll bouda
                  | (4 damage)
  4758 | D:5      | Slain by a gnoll
                  | ... wielding a +0 spear
                  | ... led by a gnoll bouda
                  | (1 damage)
  4758 | D:5      | Slain by a gnoll bouda
                  | ... wielding a +0 whip
                  | (1 damage)
  4759 | D:5      | Slain by a gnoll
                  | ... wielding a +0 whip
                  | ... led by a gnoll bouda
                  | (5 damage)
  4760 | D:5      | Slain by a gnoll
                  | ... wielding a +0 club
                  | ... led by a gnoll bouda
                  | (2 damage)
  4761 | D:5      | Mangled by a gnoll
                  | ... wielding a +0 heavy flail
                  | ... led by a gnoll bouda
                  | (7 damage)
  4762 | D:5      | Slain by a gnoll bouda
                  | ... wielding a +0 whip
                  | (3 damage)
  4762 | D:5      | Mangled by a gnoll
                  | ... wielding a +0 heavy flail
                  | ... led by a gnoll bouda
                  | (11 damage)
  4763 | D:5      | Demolished by a gnoll
                  | ... wielding a +0 heavy flail
                  | ... led by a gnoll bouda
                  | (16 damage)
  4765 | D:5      | Slain by a gnoll bouda
                  | ... wielding a +0 whip
                  | (2 damage)
  4766 | D:5      | Glimpsed the power of Zot.
  4768 | D:5      | Mangled by a gnoll
                  | ... wielding a +0 club
                  | ... led by a gnoll bouda
                  | (7 damage)
  4768 | D:5      | Slain by a gnoll bouda
                  | ... wielding a +0 whip
                  | (2 damage)
  4769 | D:5      | Slain by a gnoll
                  | ... wielding a +0 spear
                  | ... led by a gnoll bouda
                  | (2 damage)
  4769 | D:5      | Slain by a gnoll bouda
                  | ... wielding a +0 whip
                  | (1 damage)
  4769 | D:5      | Slain by a gnoll
                  | ... wielding a +0 spear
                  | ... led by a gnoll bouda
                  | (2 damage)
  4771 | D:5      | Slain by a gnoll
                  | ... wielding a +0 club
                  | ... led by a gnoll bouda
                  | (6 damage)
  4771 | D:5      | Mangled by a gnoll bouda
                  | ... wielding a +0 whip
                  | (7 damage)
  4773 | D:5      | Mangled by a gnoll bouda
                  | ... wielding a +0 whip
                  | (7 damage)
  4774 | D:5      | Touched by the power of Zot (MHP 1 -> 1)
  4775 | D:5      | Slain by a gnoll
                  | ... wielding a +0 spear
                  | ... led by a gnoll bouda
                  | (4 damage)
  4775 | D:5      | Slain by a gnoll
                  | ... wielding a +0 club
                  | ... led by a gnoll bouda
                  | (6 damage)
  4777 | D:5      | Slain by a gnoll
                  | ... wielding a +0 club
                  | ... led by a gnoll bouda
                  | (1 damage)
  4784 | D:5      | Slain by a gnoll
                  | ... wielding a +0 club
                  | ... led by a gnoll bouda
                  | (2 damage)
  4785 | D:5      | Slain by a gnoll
                  | ... wielding a +0 club
                  | ... led by a gnoll bouda
                  | (2 damage)
  4787 | D:5      | Slain by a gnoll bouda
                  | ... wielding a +0 whip
                  | (5 damage)
  4787 | D:5      | Slain by a gnoll
                  | ... wielding a +0 spear
                  | ... led by a gnoll bouda
                  | (3 damage)
  4787 | D:5      | Slain by a gnoll
                  | ... wielding a +0 club
                  | ... led by a gnoll bouda
                  | (3 damage)
  4788 | D:5      | Slain by a gnoll
                  | ... wielding a +0 club
                  | ... led by a gnoll bouda
                  | (1 damage)
  4788 | D:5      | Slain by a gnoll bouda
                  | ... wielding a +0 whip
                  | (3 damage)
  4790 | D:5      | Slain by a gnoll
                  | ... wielding a +0 spear
                  | ... led by a gnoll bouda
                  | (3 damage)
  4790 | D:5      | Slain by a gnoll
                  | ... wielding a +0 club
                  | ... led by a gnoll bouda
                  | (6 damage)
  4790 | D:5      | Mangled by a gnoll bouda
                  | ... wielding a +0 whip
                  | (8 damage)
  4792 | D:5      | Slain by a gnoll
                  | ... wielding a +0 spear
                  | ... led by a gnoll bouda
                  | (5 damage)
  4794 | D:5      | Slain by a gnoll
                  | ... wielding a +0 spear
                  | ... led by a gnoll bouda
                  | (3 damage)
  4795 | D:5      | Slain by a gnoll
                  | ... wielding a +0 spear
                  | ... led by a gnoll bouda
                  | (4 damage)
  4797 | D:5      | Slain by a gnoll
                  | ... wielding a +0 spear
                  | ... led by a gnoll bouda
                  | (4 damage)
  4798 | D:5      | Mangled by a gnoll bouda
                  | ... wielding a +0 whip
                  | (7 damage)
  4799 | D:5      | Slain by a gnoll bouda
                  | ... wielding a +0 whip
                  | (6 damage)
  4800 | D:5      | Slain by a gnoll
                  | ... wielding a +0 club
                  | ... led by a gnoll bouda
                  | (4 damage)
  4801 | D:5      | Slain by a gnoll bouda
                  | ... wielding a +0 whip
                  | (4 damage)
  4802 | D:5      | Slain by a gnoll
                  | ... wielding a +0 spear
                  | ... led by a gnoll bouda
                  | (2 damage)
  4802 | D:5      | Slain by a gnoll bouda
                  | ... wielding a +0 whip
                  | (1 damage)
  4803 | D:5      | Slain by a gnoll
                  | ... wielding a +0 spear
                  | ... led by a gnoll bouda
                  | (1 damage)
  4805 | D:5      | Slain by a gnoll
                  | ... wielding a +0 spear
                  | ... led by a gnoll bouda
                  | (2 damage)
  4805 | D:5      | Slain by a gnoll bouda
                  | ... wielding a +0 whip
                  | (1 damage)
  4805 | D:5      | Slain by a gnoll
                  | ... wielding a +0 spear
                  | ... led by a gnoll bouda
                  | (6 damage)
  4806 | D:5      | Slain by a gnoll
                  | ... wielding a +0 club
                  | ... led by a gnoll bouda
                  | (3 damage)
  4806 | D:5      | Mangled by a gnoll bouda
                  | ... wielding a +0 whip
                  | (7 damage)
  4808 | D:5      | Slain by a gnoll bouda
                  | ... wielding a +0 whip
                  | (6 damage)
  4809 | D:5      | Slain by a gnoll
                  | ... wielding a +0 spear
                  | ... led by a gnoll bouda
                  | (1 damage)
  4812 | D:5      | Mangled by a gnoll bouda
                  | ... wielding a +0 whip
                  | (8 damage)
  4815 | D:5      | Slain by a gnoll
                  | ... wielding a +0 club
                  | ... led by a gnoll bouda
                  | (1 damage)
  4815 | D:5      | Slain by a gnoll
                  | ... wielding a +0 spear
                  | ... led by a gnoll bouda
                  | (2 damage)
  4817 | D:5      | Slain by a gnoll
                  | ... wielding a +0 spear
                  | ... led by a gnoll bouda
                  | (1 damage)
  4818 | D:5      | Mangled by a gnoll
                  | ... wielding a +0 club
                  | ... led by a gnoll bouda
                  | (7 damage)
  4819 | D:5      | Slain by a gnoll
                  | ... wielding a +0 club
                  | ... led by a gnoll bouda
                  | (3 damage)
  4820 | D:5      | Slain by a gnoll bouda
                  | ... wielding a +0 whip
                  | (2 damage)
  4821 | D:5      | Slain by a gnoll
                  | ... wielding a +0 club
                  | ... led by a gnoll bouda
                  | (3 damage)
  4821 | D:5      | Mangled by a gnoll bouda
                  | ... wielding a +0 whip
                  | (7 damage)
  4821 | D:5      | Slain by a gnoll
                  | ... wielding a +0 spear
                  | ... led by a gnoll bouda
                  | (5 damage)
  4824 | D:5      | Slain by a gnoll bouda
                  | ... wielding a +0 whip
                  | (3 damage)
  4825 | D:5      | Slain by a gnoll bouda
                  | ... wielding a +0 whip
                  | (3 damage)
  4825 | D:5      | Slain by a gnoll
                  | ... wielding a +0 spear
                  | ... led by a gnoll bouda
                  | (6 damage)
  4825 | D:5      | Slain by a gnoll
                  | ... wielding a +0 club
                  | ... led by a gnoll bouda
                  | (2 damage)
  4827 | D:5      | Slain by a gnoll bouda
                  | ... wielding a +0 whip
                  | (5 damage)
  4828 | D:5      | Slain by a gnoll
                  | ... wielding a +0 spear
                  | ... led by a gnoll bouda
                  | (4 damage)
  4828 | D:5      | Slain by a gnoll bouda
                  | ... wielding a +0 whip
                  | (5 damage)
  4830 | D:5      | Slain by a gnoll
                  | ... wielding a +0 club
                  | ... led by a gnoll bouda
                  | (6 damage)
  4833 | D:5      | Mangled by a gnoll bouda
                  | ... wielding a +0 whip
                  | (10 damage)
  4834 | D:5      | Slain by a gnoll
                  | ... wielding a +0 spear
                  | ... led by a gnoll bouda
                  | (1 damage)
  4835 | D:5      | Slain by a gnoll bouda
                  | ... wielding a +0 whip
                  | (4 damage)
  4836 | D:5      | Slain by a gnoll
                  | ... wielding a +0 club
                  | ... led by a gnoll bouda
                  | (2 damage)
  4836 | D:5      | Slain by a gnoll bouda
                  | ... wielding a +0 whip
                  | (6 damage)
  4837 | D:5      | Slain by a gnoll
                  | ... wielding a +0 club
                  | ... led by a gnoll bouda
                  | (3 damage)
  4838 | D:5      | Slain by a gnoll bouda
                  | ... wielding a +0 whip
                  | (2 damage)
  4839 | D:5      | Slain by a gnoll
                  | ... wielding a +0 club
                  | ... led by a gnoll bouda
                  | (1 damage)
  4842 | D:5      | Slain by a gnoll
                  | ... wielding a +0 spear
                  | ... led by a gnoll bouda
                  | (3 damage)
  4843 | D:5      | Slain by a gnoll
                  | ... wielding a +0 spear
                  | ... led by a gnoll bouda
                  | (6 damage)
  4844 | D:5      | Slain by a gnoll
                  | ... wielding a +0 club
                  | ... led by a gnoll bouda
                  | (1 damage)
  4846 | D:5      | Slain by a gnoll
                  | ... wielding a +0 spear
                  | ... led by a gnoll bouda
                  | (2 damage)
  4846 | D:5      | Mangled by a gnoll
                  | ... wielding a +0 club
                  | ... led by a gnoll bouda
                  | (7 damage)
  4848 | D:5      | Slain by a gnoll
                  | ... wielding a +0 spear
                  | ... led by a gnoll bouda
                  | (2 damage)
  4858 | D:5      | Slain by a gnoll
                  | ... wielding a +0 club
                  | ... led by a gnoll bouda
                  | (6 damage)
  4860 | D:5      | Slain by a gnoll
                  | ... wielding a +0 club
                  | ... led by a gnoll bouda
                  | (4 damage)
  4862 | D:5      | Slain by a gnoll
                  | ... wielding a +0 club
                  | ... led by a gnoll bouda
                  | (1 damage)
  4865 | D:5      | Glimpsed the power of Zot.
  4915 | D:5      | Glimpsed the power of Zot.
  4955 | D:5      | Glimpsed the power of Zot.
  4965 | D:5      | Touched by the power of Zot (MHP 1 -> 1)
  5066 | D:5      | Glimpsed the power of Zot.
  5098 | D:5      | Slain by an iguana (3 damage)
  5102 | D:5      | Slain by an iguana (4 damage)
  5109 | D:5      | Mangled by an iguana (7 damage)
  5114 | D:5      | Glimpsed the power of Zot.
  5153 | D:5      | Glimpsed the power of Zot.
  5163 | D:5      | Touched by the power of Zot (MHP 1 -> 1)
  5264 | D:5      | Glimpsed the power of Zot.
  5489 | D:6      | Slain by a sky beast (2 damage)
  5489 | D:6      | Slain by a sky beast (6 damage)
  5490 | D:6      | Slain by a sky beast (3 damage)
  5490 | D:6      | Slain by a sky beast (6 damage)
  5507 | D:6      | Slain by a sky beast (1 damage)
  5507 | D:6      | Slain by a sky beast (6 damage)
  5559 | D:6      | Slain by an adder (3 damage)
  5560 | D:6      | Succumbed to an adder's poison
  5561 | D:6      | Succumbed to an adder's poison
  5562 | D:6      | Succumbed to an adder's poison
  5563 | D:6      | Succumbed to an adder's poison
  5564 | D:6      | Succumbed to an adder's poison
  5565 | D:6      | Succumbed to an adder's poison
  5567 | D:6      | Slain by a water moccasin (6 damage)
  5568 | D:6      | Mangled by a water moccasin (7 damage)
  5570 | D:6      | Slain by a water moccasin (1 damage)
  5572 | D:6      | Slain by a water moccasin (5 damage)
  5575 | D:6      | Slain by a water moccasin (5 damage)
  5577 | D:6      | Slain by a water moccasin (5 damage)
  5585 | D:6      | Slain by a water moccasin (1 damage)
  5586 | D:6      | Slain by a water moccasin (5 damage)
  5589 | D:6      | Slain by a water moccasin (2 damage)
  5594 | D:6      | Mangled by a water moccasin (7 damage)
  5595 | D:6      | Succumbed to a water moccasin's poison
  5595 | D:6      | Slain by a water moccasin (5 damage)
  5596 | D:6      | Succumbed to a water moccasin's poison
  5597 | D:6      | Succumbed to a water moccasin's poison
  5598 | D:6      | Succumbed to a water moccasin's poison
  5598 | D:6      | Slain by a water moccasin (1 damage)
  5599 | D:6      | Succumbed to a water moccasin's poison
  5600 | D:6      | Succumbed to a water moccasin's poison
  5600 | D:6      | Mangled by a water moccasin (8 damage)
  5601 | D:6      | Succumbed to a water moccasin's poison
  5602 | D:6      | Succumbed to a water moccasin's poison
  5603 | D:6      | Succumbed to a water moccasin's poison
  5713 | D:6      | Mangled by an orc warrior
                  | ... wielding a +1 heavy flail
                  | (8 damage)
  5717 | D:6      | Slain by a wight
                  | ... wielding a +2 halberd
                  | (3 damage)
  5718 | D:6      | Slain by a wight
                  | ... wielding a +2 halberd
                  | (5 damage)
  5718 | D:6      | Slain by a wight
                  | ... wielding a +2 halberd
                  | (1 damage)
  5719 | D:6      | Demolished by an orc warrior
                  | ... wielding a +1 heavy flail
                  | (15 damage)
  5720 | D:6      | Slain by a wight
                  | ... wielding a +2 halberd
                  | (2 damage)
  5723 | D:6      | Mangled by a wight
                  | ... wielding a +2 halberd
                  | (7 damage)
  5724 | D:6      | Slain by a wight
                  | ... wielding a +2 halberd
                  | (1 damage)
  5726 | D:6      | Demolished by an orc warrior
                  | ... wielding a +1 heavy flail
                  | (18 damage)
  5727 | D:6      | Mangled by an orc warrior
                  | ... wielding a +1 heavy flail
                  | (11 damage)
  5728 | D:6      | Slain by a wight
                  | ... wielding a +2 halberd
                  | (4 damage)
  5728 | D:6      | Killed by divine providence
                  | ... invoked by an orc priest
                  | (13 damage)
  5731 | D:6      | Slain by an orc warrior
                  | ... wielding a +1 heavy flail
                  | (2 damage)
  5734 | D:6      | Killed by divine providence
                  | ... invoked by an orc priest
                  | (14 damage)
  5737 | D:6      | Mangled by an orc warrior
                  | ... wielding a +1 heavy flail
                  | (7 damage)
  5743 | D:6      | Killed by divine providence
                  | ... invoked by an orc priest
                  | (11 damage)
  5748 | D:6      | Demolished by an orc warrior
                  | ... wielding a +1 heavy flail
                  | (21 damage)
  5751 | D:6      | Mangled by an orc warrior
                  | ... wielding a +1 heavy flail
                  | (11 damage)
  5752 | D:6      | Mangled by an orc warrior
                  | ... wielding a +1 heavy flail
                  | (7 damage)
  5753 | D:6      | Killed by divine providence
                  | ... invoked by an orc priest
                  | (13 damage)
  5755 | D:6      | Slain by a wight
                  | ... wielding a +0 short sword
                  | (2 damage)
  5757 | D:6      | Slain by a wight
                  | ... wielding a +0 short sword
                  | (6 damage)
  5757 | D:6      | Slain by a wight
                  | ... wielding a +0 short sword
                  | (2 damage)
  5759 | D:6      | Slain by a wight
                  | ... wielding a +0 short sword
                  | (3 damage)
  5759 | D:6      | Slain by a wight
                  | ... wielding a +0 short sword
                  | (1 damage)
  5763 | D:6      | Slain by a wight
                  | ... wielding a +0 short sword
                  | (5 damage)
  5763 | D:6      | Slain by a wight
                  | ... wielding a +0 short sword
                  | (1 damage)
  5764 | D:6      | Slain by a wight
                  | ... wielding a +0 short sword
                  | (3 damage)
  5769 | D:6      | Slain by a wight
                  | ... wielding a +0 short sword
                  | (3 damage)
  5771 | D:6      | Slain by a wight
                  | ... wielding a +0 short sword
                  | (3 damage)
  5781 | D:6      | Killed by divine providence
                  | ... invoked by an orc priest
                  | (10 damage)
  5782 | D:6      | Killed by divine providence
                  | ... invoked by an orc priest
                  | (14 damage)
  5784 | D:6      | Slain by an orc priest
                  | ... wielding a +0 falchion
                  | (1 damage)
  5785 | D:6      | Slain by an orc priest
                  | ... wielding a +0 falchion
                  | (2 damage)
  5786 | D:6      | Slain by an orc priest
                  | ... wielding a +0 falchion
                  | (6 damage)
  5787 | D:6      | Slain by a wight
                  | ... wielding a +2 halberd
                  | (3 damage)
  5788 | D:6      | Killed by nerve-wracking pain
                  | ... invoked by an orc priest
                  | (3 damage)
  5790 | D:6      | Slain by an orc priest
                  | ... wielding a +0 falchion
                  | (1 damage)
  5792 | D:6      | Mangled by a wight
                  | ... wielding a +2 halberd
                  | (12 damage)
  5792 | D:6      | Slain by a wight
                  | ... wielding a +2 halberd
                  | (5 damage)
  5792 | D:6      | Slain by an orc priest
                  | ... wielding a +0 falchion
                  | (1 damage)
  5794 | D:6      | Mangled by a wight
                  | ... wielding a +2 halberd
                  | (7 damage)
  5794 | D:6      | Killed by divine providence
                  | ... invoked by an orc priest
                  | (12 damage)
  5796 | D:6      | Slain by an orc priest
                  | ... wielding a +0 falchion
                  | (5 damage)
  5798 | D:6      | Slain by a wight
                  | ... wielding a +2 halberd
                  | (6 damage)
  5799 | D:6      | Mangled by a wight
                  | ... wielding a +2 halberd
                  | (8 damage)
  5801 | D:6      | Slain by a wight
                  | ... wielding a +2 halberd
                  | (5 damage)
  5801 | D:6      | Slain by a wight
                  | ... wielding a +2 halberd
                  | (2 damage)
  5803 | D:6      | Slain by a wight
                  | ... wielding a +2 halberd
                  | (6 damage)
  5803 | D:6      | Slain by a wight
                  | ... wielding a +2 halberd
                  | (3 damage)
  5804 | D:6      | Mangled by a wight
                  | ... wielding a +2 halberd
                  | (9 damage)
  5804 | D:6      | Slain by a wight
                  | ... wielding a +2 halberd
                  | (3 damage)
  5808 | D:6      | Slain by a wight
                  | ... wielding a +2 halberd
                  | (4 damage)
  5810 | D:6      | Mangled by a wight
                  | ... wielding a +2 halberd
                  | (9 damage)
  5812 | D:6      | Slain by a wight
                  | ... wielding a +0 short sword
                  | (1 damage)
  5813 | D:6      | Slain by a wight
                  | ... wielding a +0 short sword
                  | (2 damage)
  5813 | D:6      | Slain by a wight
                  | ... wielding a +0 short sword
                  | (1 damage)
  5813 | D:6      | Slain by a wight
                  | ... wielding a +2 halberd
                  | (1 damage)
  5816 | D:6      | Slain by a wight
                  | ... wielding a +0 short sword
                  | (5 damage)
  5816 | D:6      | Slain by a wight
                  | ... wielding a +0 short sword
                  | (1 damage)
  5817 | D:6      | Slain by a wight
                  | ... wielding a +0 short sword
                  | (2 damage)
  5818 | D:6      | Slain by a wight
                  | ... wielding a +0 short sword
                  | (2 damage)
  5820 | D:6      | Slain by a wight
                  | ... wielding a +2 halberd
                  | (3 damage)
  5825 | D:6      | Mangled by a wight
                  | ... wielding a +2 halberd
                  | (13 damage)
  5825 | D:6      | Slain by a wight
                  | ... wielding a +2 halberd
                  | (2 damage)
  5828 | D:6      | Mangled by a wight
                  | ... wielding a +2 halberd
                  | (10 damage)
  5829 | D:6      | Mangled by a wight
                  | ... wielding a +2 halberd
                  | (8 damage)
  5829 | D:6      | Slain by a wight
                  | ... wielding a +2 halberd
                  | (3 damage)
  5831 | D:6      | Slain by a wight
                  | ... wielding a +2 halberd
                  | (2 damage)
  5832 | D:6      | Mangled by a wight
                  | ... wielding a +2 halberd
                  | (9 damage)
  5833 | D:6      | Mangled by a wight
                  | ... wielding a +2 halberd
                  | (12 damage)
  5833 | D:6      | Slain by a wight
                  | ... wielding a +2 halberd
                  | (1 damage)
  5834 | D:6      | Mangled by a wight
                  | ... wielding a +2 halberd
                  | (8 damage)
  5834 | D:6      | Slain by a wight
                  | ... wielding a +2 halberd
                  | (3 damage)
  5835 | D:6      | Glimpsed the power of Zot.
  5857 | D:6      | Slain by a wight
                  | ... wielding a +2 morningstar
                  | (3 damage)
  5859 | D:6      | Mangled by a wight
                  | ... wielding a +2 morningstar
                  | (10 damage)
  5859 | D:6      | Slain by a wight
                  | ... wielding a +2 morningstar
                  | (4 damage)
  5863 | D:6      | Slain by a wight
                  | ... wielding a +2 morningstar
                  | (2 damage)
  5864 | D:6      | Slain by a wight
                  | ... wielding a +2 morningstar
                  | (5 damage)
  5864 | D:6      | Slain by a wight
                  | ... wielding a +2 morningstar
                  | (2 damage)
  5872 | D:6      | Mangled by a wight
                  | ... wielding a +2 morningstar
                  | (11 damage)
  5874 | D:6      | Mangled by a wight
                  | ... wielding a +2 morningstar
                  | (12 damage)
  5875 | D:6      | Mangled by a wight
                  | ... wielding a +2 morningstar
                  | (9 damage)
  5875 | D:6      | Slain by a wight
                  | ... wielding a +2 morningstar
                  | (1 damage)
  5877 | D:6      | Mangled by a wight
                  | ... wielding a +2 morningstar
                  | (7 damage)
  5877 | D:6      | Slain by a wight
                  | ... wielding a +2 morningstar
                  | (1 damage)
  5881 | D:6      | Glimpsed the power of Zot.
  5881 | D:6      | Mangled by a wight
                  | ... wielding a +2 morningstar
                  | (10 damage)
  5883 | D:6      | Slain by a wight
                  | ... wielding a +2 morningstar
                  | (2 damage)
  5883 | D:6      | Slain by a wight
                  | ... wielding a +2 morningstar
                  | (1 damage)
  5883 | D:6      | Mangled by a wight
                  | ... wielding a +2 morningstar
                  | (7 damage)
  5886 | D:6      | Mangled by a wight
                  | ... wielding a +2 morningstar
                  | (11 damage)
  5921 | D:6      | Glimpsed the power of Zot.
  5930 | D:6      | Touched by the power of Zot (MHP 1 -> 1)
  5934 | D:6      | Killed from afar by a white imp (5 damage)
                  | ... with a puff of frost
  5937 | D:6      | Killed from afar by a white imp (4 damage)
                  | ... with a puff of frost
  5939 | D:6      | Slain by a white imp (1 damage)
  5939 | D:6      | Slain by a white imp (2 damage)
  5944 | D:6      | Killed from afar by a white imp (2 damage)
                  | ... with a puff of frost
  5946 | D:6      | Killed from afar by a white imp (2 damage)
                  | ... with a puff of frost
  5947 | D:6      | Killed from afar by a white imp (3 damage)
                  | ... with a puff of frost
  5950 | D:6      | Killed from afar by a white imp (1 damage)
                  | ... with a puff of frost
  5952 | D:6      | Killed from afar by a white imp (1 damage)
                  | ... with a puff of frost
  5987 | D:6      | Slain by a gnoll
                  | ... wielding a +0 spear
                  | ... led by a gnoll bouda
                  | (5 damage)
  5988 | D:6      | Slain by a gnoll
                  | ... wielding a +0 spear
                  | ... led by a gnoll bouda
                  | (6 damage)
  5988 | D:6      | Slain by a gnoll
                  | ... wielding a +0 spear
                  | ... led by a gnoll bouda
                  | (1 damage)
  5991 | D:6      | Slain by a gnoll
                  | ... wielding a +0 spear
                  | ... led by a gnoll bouda
                  | (1 damage)
  5994 | D:6      | Slain by a gnoll bouda
                  | ... wielding a +0 whip
                  | (6 damage)
  5994 | D:6      | Slain by a gnoll
                  | ... wielding a +0 spear
                  | ... led by a gnoll bouda
                  | (3 damage)
  5996 | D:6      | Mangled by a gnoll
                  | ... wielding a +0 spear
                  | ... led by a gnoll bouda
                  | (7 damage)
  5996 | D:6      | Slain by a gnoll
                  | ... wielding a +0 spear
                  | ... led by a gnoll bouda
                  | (3 damage)
  6006 | D:6      | Slain by a gnoll
                  | ... wielding a +0 spear
                  | ... led by a gnoll bouda
                  | (5 damage)
  6006 | D:6      | Slain by a gnoll bouda
                  | ... wielding a +0 whip
                  | (3 damage)
  6007 | D:6      | Slain by a gnoll bouda
                  | ... wielding a +0 whip
                  | (2 damage)
  6010 | D:6      | Slain by a gnoll
                  | ... wielding a +0 spear
                  | ... led by a gnoll bouda
                  | (1 damage)
  6011 | D:6      | Slain by a gnoll bouda
                  | ... wielding a +0 whip
                  | (6 damage)
  6012 | D:6      | Slain by a gnoll
                  | ... wielding a +0 spear
                  | ... led by a gnoll bouda
                  | (2 damage)
  6012 | D:6      | Mangled by a gnoll bouda
                  | ... wielding a +0 whip
                  | (7 damage)
  6015 | D:6      | Slain by a gnoll
                  | ... wielding a +0 spear
                  | ... led by a gnoll bouda
                  | (2 damage)
  6015 | D:6      | Mangled by a gnoll bouda
                  | ... wielding a +0 whip
                  | (7 damage)
  6017 | D:6      | Slain by a gnoll bouda
                  | ... wielding a +0 whip
                  | (3 damage)
  6018 | D:6      | Mangled by a gnoll bouda
                  | ... wielding a +0 whip
                  | (9 damage)
  6019 | D:6      | Mangled by a gnoll
                  | ... wielding a +0 spear
                  | ... led by a gnoll bouda
                  | (7 damage)
  6021 | D:6      | Slain by a gnoll bouda
                  | ... wielding a +0 whip
                  | (2 damage)
  6021 | D:6      | Slain by a gnoll
                  | ... wielding a +0 spear
                  | ... led by a gnoll bouda
                  | (2 damage)
  6024 | D:6      | Glimpsed the power of Zot.
  6024 | D:6      | Mangled by a gnoll bouda
                  | ... wielding a +0 whip
                  | (7 damage)
  6025 | D:6      | Slain by a gnoll bouda
                  | ... wielding a +0 whip
                  | (6 damage)
  6026 | D:6      | Slain by a gnoll
                  | ... wielding a +0 spear
                  | ... led by a gnoll bouda
                  | (3 damage)
  6027 | D:6      | Slain by a gnoll
                  | ... wielding a +0 spear
                  | ... led by a gnoll bouda
                  | (5 damage)
  6028 | D:6      | Slain by a gnoll bouda
                  | ... wielding a +0 whip
                  | (4 damage)
  6032 | D:6      | Slain by a gnoll
                  | ... wielding a +0 spear
                  | ... led by a gnoll bouda
                  | (6 damage)
  6032 | D:6      | Mangled by a gnoll bouda
                  | ... wielding a +0 whip
                  | (9 damage)
  6033 | D:6      | Slain by a gnoll
                  | ... wielding a +0 spear
                  | ... led by a gnoll bouda
                  | (1 damage)
  6033 | D:6      | Slain by a gnoll bouda
                  | ... wielding a +0 whip
                  | (6 damage)
  6034 | D:6      | Mangled by a gnoll bouda
                  | ... wielding a +0 whip
                  | (10 damage)
  6038 | D:6      | Slain by a gnoll bouda
                  | ... wielding a +0 whip
                  | (4 damage)
  6039 | D:6      | Slain by a gnoll
                  | ... wielding a +0 spear
                  | ... led by a gnoll bouda
                  | (3 damage)
  6043 | D:6      | Slain by a gnoll bouda
                  | ... wielding a +0 whip
                  | (3 damage)
  6043 | D:6      | Mangled by a gnoll
                  | ... wielding a +0 spear
                  | ... led by a gnoll bouda
                  | (7 damage)
  6045 | D:6      | Slain by a gnoll
                  | ... wielding a +0 spear
                  | ... led by a gnoll bouda
                  | (1 damage)
  6045 | D:6      | Mangled by a gnoll bouda
                  | ... wielding a +0 whip
                  | (8 damage)
  6046 | D:6      | Slain by a gnoll
                  | ... wielding a +0 spear
                  | ... led by a gnoll bouda
                  | (5 damage)
  6047 | D:6      | Slain by a gnoll bouda
                  | ... wielding a +0 whip
                  | (4 damage)
  6048 | D:6      | Slain by a gnoll
                  | ... wielding a +0 spear
                  | ... led by a gnoll bouda
                  | (5 damage)
  6049 | D:6      | Mangled by a gnoll bouda
                  | ... wielding a +0 whip
                  | (7 damage)
  6053 | D:6      | Slain by a gnoll
                  | ... wielding a +0 spear
                  | ... led by a gnoll bouda
                  | (2 damage)
  6053 | D:6      | Slain by a gnoll bouda
                  | ... wielding a +0 whip
                  | (4 damage)
  6058 | D:6      | Slain by a gnoll
                  | ... wielding a +0 spear
                  | ... led by a gnoll bouda
                  | (1 damage)
  6059 | D:6      | Slain by a gnoll bouda
                  | ... wielding a +0 whip
                  | (2 damage)
  6061 | D:6      | Mangled by a gnoll bouda
                  | ... wielding a +0 whip
                  | (9 damage)
  6062 | D:6      | Mangled by a gnoll bouda
                  | ... wielding a +0 whip
                  | (9 damage)
  6065 | D:6      | Slain by a gnoll
                  | ... wielding a +0 spear
                  | ... led by a gnoll bouda
                  | (3 damage)
  6066 | D:6      | Slain by a gnoll
                  | ... wielding a +0 spear
                  | ... led by a gnoll bouda
                  | (2 damage)
  6067 | D:6      | Slain by a gnoll
                  | ... wielding a +0 spear
                  | ... led by a gnoll bouda
                  | (3 damage)
  6068 | D:6      | Glimpsed the power of Zot.
  6069 | D:6      | Offered knowledge of Shock by Vehumet.
  6070 | D:6      | Slain by an iguana (3 damage)
  6071 | D:6      | Slain by an iguana (2 damage)
  6071 | D:6      | Slain by a gnoll
                  | ... wielding a +0 spear
                  | ... led by a gnoll bouda
                  | (3 damage)
  6072 | D:6      | Slain by a gnoll
                  | ... wielding a +0 spear
                  | ... led by a gnoll bouda
                  | (1 damage)
  6075 | D:6      | Slain by an iguana (2 damage)
  6075 | D:6      | Slain by an iguana (3 damage)
  6076 | D:6      | Slain by an iguana (3 damage)
  6077 | D:6      | Slain by a gnoll
                  | ... wielding a +0 spear
                  | ... led by a gnoll bouda
                  | (3 damage)
  6077 | D:6      | Slain by an iguana (4 damage)
  6078 | D:6      | Slain by a gnoll
                  | ... wielding a +0 spear
                  | ... led by a gnoll bouda
                  | (4 damage)
  6080 | D:6      | Reached ** piety under Vehumet
  6082 | D:6      | Slain by a gnoll
                  | ... wielding a +0 whip
                  | ... led by a gnoll bouda
                  | (5 damage)
  6083 | D:6      | Slain by a gnoll
                  | ... wielding a +0 spear
                  | ... led by a gnoll bouda
                  | (4 damage)
  6084 | D:6      | Slain by a gnoll
                  | ... wielding a +0 spear
                  | ... led by a gnoll bouda
                  | (3 damage)
  6086 | D:6      | Slain by a gnoll
                  | ... wielding a +0 spear
                  | ... led by a gnoll bouda
                  | (1 damage)
  6087 | D:6      | Slain by a gnoll
                  | ... wielding a +0 spear
                  | ... led by a gnoll bouda
                  | (1 damage)
  6090 | D:6      | Slain by a gnoll
                  | ... wielding a +0 spear
                  | ... led by a gnoll bouda
                  | (2 damage)
  6093 | D:6      | Slain by a gnoll
                  | ... wielding a +0 spear
                  | ... led by a gnoll bouda
                  | (1 damage)
  6097 | D:6      | Mangled by an iguana (8 damage)
  6099 | D:6      | Slain by a gnoll
                  | ... wielding a +0 spear
                  | ... led by a gnoll bouda
                  | (2 damage)
  6100 | D:6      | Slain by a gnoll
                  | ... wielding a +0 spear
                  | ... led by a gnoll bouda
                  | (6 damage)
  6102 | D:6      | Slain by an iguana (4 damage)
  6104 | D:6      | Glimpsed the power of Zot.
  6105 | D:6      | Slain by an iguana (5 damage)
  6107 | D:6      | Mangled by an iguana (8 damage)
  6108 | D:6      | Slain by an iguana (2 damage)
  6110 | D:6      | Slain by a gnoll
                  | ... wielding a +0 spear
                  | ... led by a gnoll bouda
                  | (1 damage)
  6111 | D:6      | Slain by a gnoll
                  | ... wielding a +0 spear
                  | ... led by a gnoll bouda
                  | (1 damage)
  6113 | D:6      | Touched by the power of Zot (MHP 1 -> 1)
  6115 | D:6      | Mangled by an iguana (11 damage)
  6117 | D:6      | Slain by a gnoll
                  | ... wielding a +0 spear
                  | ... led by a gnoll bouda
                  | (1 damage)
  6118 | D:6      | Was forgiven by Hepliaklqana
  6128 | D:6      | Slain by a gnoll
                  | ... wielding a +0 spear
                  | ... led by a gnoll bouda
                  | (4 damage)
  6135 | D:6      | Slain by a gnoll
                  | ... wielding a +0 spear
                  | ... led by a gnoll bouda
                  | (4 damage)
  6206 | D:6      | Splashed by a jelly's acid (2 damage)
  6207 | D:6      | Splashed by a jelly's acid (3 damage)
  6208 | D:6      | Splashed by a jelly's acid

Illustrated notes

Levels and vault maps discovered:
D:1:      sevenhm_arrival_forest_fort_small_3, layout_loops_ring,
          chequers_serial_rivers_marsh
D:2:      layout_loops_corners, serial_shops, nicolae_shop_advertising_works
          [nicolae_subvault_shop_adworks], uniq_sigmund
D:3:      layout_loops_ring, nzn_overflow_gifts_of_might_and_magic,
          mainiacjoe_overflow_chevrons, jmf_multi_god_temple,
          grunt_temple_overflow_diamond
D:4:      layout_loops_ring, mainiacjoe_overflow_surrounded_room,
          mainiacjoe_overflow_catwalk, mainiacjoe_overflow_boulevard,
          lemuel_temple_firewalk_b, kennysheep_generic_room_7
D:5:      layout_loops_corners, good_gods_temple_1,
          minmay_misc_feat_secret_circle, lightli_church_of_beogh, uniq_ijyb
D:6:      kennysheep_windowed_halls, layout_basic
Temple:   ebering_the_one_and_only

Skill      XL: |  1  2  3  4  5  6  7 |
---------------+----------------------+-----
Long Blades    | 4 5 |  5.0
Armour         | 1 2 |  2.8
Spellcasting   | 3 |  3.9
Short Blades   | 1 2 |  2.6
Unarmed Combat | 1 2 |  2.2
Necromancy     | 1 2 |  2.3
Stealth        | 1 |  1.4
Conjurations   | 4 |  4.3
Fighting       | 3 |  3.3
Dodging        | 3 |  3.3
Shields        | 1 |  1.5
Evocations     | |  0.9

Action                     |  1- 3 |  4- 6 |  7- 9 || total
---------------------------+-------+-------+-------++-------
  Melee: Falchion          |   134 |    89 |   591 ||   814
         Punch             |       |     1 |       ||     1
         Dagger            |       |       |   541 ||   541
    Use: Scroll            |       |       |     7 ||     7
         Potion            |       |       |     2 ||     2
 Armour: Leather armour    |    99 |    56 |   673 ||   828
         Chain mail        |       |       |   476 ||   476
  Dodge: Dodged            |   116 |    50 |   449 ||   615
  Block: Tower shield      |       |       |   954 ||   954

Table legend: (Time is in decaauts)
 A = Elapsed time spent in this place.
 B = Non-inter-level travel time spent in this place.
 C = Inter-level travel time spent in this place.
 D = Time resting spent in this place.
 E = Time spent auto-exploring this place.
 F = Levels seen in this place.
 G = Mean time per level.
                   A        B        C        D        E       F      G
               +--------+--------+--------+--------+--------+-----+--------+
         Total |   6511 |   6306 |    205 |      0 |   2827 |   7 |  930.1 |
       Dungeon |   6504 |   6299 |    205 |      0 |   2827 |   6 | 1084.0 |
        Temple |      6 |      6 |      0 |      0 |      0 |   1 |    6.0 |
               +--------+--------+--------+--------+--------+-----+--------+

Top non-repeatable levels by time:
     D:5: 1942 daAuts
     D:4: 1041 daAuts
     D:6: 955 daAuts
     D:2: 897 daAuts
     D:3: 888 daAuts
     D:1: 778 daAuts
  Temple: 6 daAuts
